 Dungeon Crawl Stone Soup version 0.31-a0-851-g7ff8af7976 (webtiles) character file.

Game seed: 1914941655043055734

16886 lunkers the Black Belt (level 13, -1/160 HPs)
             Began as a Meteoran Shapeshifter on Oct 5, 2023.
             Slain by a cane toad (4 damage)
             ... while petrified by a catoblepas
             ... on level 4 of the Lair of Beasts.
             The game lasted 00:19:10 (4452 turns).

lunkers the Black Belt (Meteoran Shapeshifter)      Turns: 4452, Time: 00:19:10

Health: -1/160     AC: 26    Str: 18    XL:     13   Next: 9%
Magic:  14/14      EV:  2    Int: 11    God:
Gold:   799        SH:  0    Dex: 18    Spells: 12/12 levels left

rFire   . .          .
                       - Unarmed
rCold   . . .        (no shield)
rNeg    + + +        x - melded +5 chain mail "Caguukh" {rC+}
rPois   ∞            s - melded +0 helmet
rElec   .            a - melded scarf "Buvvaeva" {repulsion, rF+}
rCorr   .            (gloves currently unavailable)
SInv    .            o - melded +0 pair of boots
Will    +....        (no amulet)
Stlth   +            j - +5 ring of evasion
HPRegen 0.46/turn    y - ring of poison resistance
MPRegen 0.14/turn

%: no passive effects
@: lethally poisoned (-1 -> -1), tree-form, petrified, glowing
A: stationary, stasis, torment immunity, boosted hp, sense surroundings 2,
otherworldly, glowing, explore regen
a: no special abilities


You were on level 4 of the Lair of Beasts.
You were a tree.
You visited 2 branches of the dungeon, and saw 13 of its levels.

You collected 799 gold pieces.

Inventory:

Armour
 a - the scarf "Buvvaeva" (melded) {repulsion, rF+}
   (You acquired it on level 5 of the Dungeon)

   rF+:       It protects you from fire.
 l - a +0 ring mail
 o - a +0 pair of boots (melded)
 s - a +0 helmet (melded)
 x - the +5 chain mail "Caguukh" (melded) {rC+}
   (You found it on level 7 of the Dungeon)

   rC+:       It protects you from cold.
 D - a +1 pair of boots
Jewellery
 j - a +5 ring of evasion (left branch)
 y - a ring of poison resistance (right branch)
 C - a ring of wizardry
Talismans
 c - a beast talisman
 d - a flux talisman
 k - a serpent talisman
 E - a blade talisman
Wands
 p - a wand of polymorph (2)
 t - a wand of digging (2)
 z - a wand of charming (14)
Scrolls
 b - a scroll of blinking
 e - a scroll of vulnerability
 h - a scroll of immolation
 i - a scroll of brand weapon
 n - a scroll of poison
 r - 4 scrolls of identify
 v - 2 scrolls of enchant weapon
 A - a scroll of torment
 B - a scroll of silence
 F - a scroll of revelation
Potions
 f - 4 potions of curing
 g - a potion of cancellation
 m - 2 potions of mutation
 q - a potion of heal wounds
 u - 3 potions of attraction
 w - a potion of lignification


   Skills:
 + Level 7.8 Fighting
 + Level 8.0 Dodging
 * Level 16.9 Unarmed Combat
 + Level 11.7 Shapeshifting


You had 12 spell levels left.
You didn't know any spells.
Your spell library contained the following spells:

 Spells                   Type           Power      Damage    Failure   Level
 Magic Dart               Conj           0%         1d3       34%         1
 Sandblast                Erth           0%         2d4       34%         1
 Summon Small Mammal      Summ           0%         N/A       34%         1
 Cigotuvi's Dreadful Rot  Necr/Pois/Air  0%         N/A       47%         2
 Passwall                 Tmut/Erth      0%         N/A       47%         2
 Searing Ray              Conj           0%         2d4       47%         2
 Sublimation of Blood     Necr           0%         N/A       47%         2
 Call Canine Familiar     Summ           0%         N/A       71%         3
 Dazzling Flash           Conj/Hex       0%         N/A       71%         3
 Inner Flame              Hex/Fire       0%         N/A       71%         3
 Stone Arrow              Conj/Erth      0%         3d7       71%         3
 Summon Guardian Golem    Hex/Summ       0%         N/A       71%         3
 Volatile Blastmotes      Fire/Tloc      0%         2d10      71%         3
 Animate Armour           Summ/Erth      0%         N/A       98%         4
 Brom's Barrelling Bould  Conj/Erth      0%         2d3       98%         4
 Flame Wave               Conj/Fire      0%         2d4       98%         4
 Fulminant Prism          Conj/Hex       0%         3d5       98%         4
 Petrify                  Tmut/Erth      0%         N/A       98%         4
 Sticky Flame             Conj/Fire      0%         2d3       98%         4
 Irradiate                Conj/Tmut      0%         3d11      100%        5
 Bombard                  Conj/Erth      0%         9d1       100%        6
 Starburst                Conj/Fire      0%         6d3       100%        6
 Maxwell's Capacitive Co  Air            0%         ∞         100%        8


Dungeon Overview and Level Annotations

Branches:
Dungeon (8/15) Zot: 1369     Lair (5/5) D:8 Zot: 2181   Slime (0/5) Lair:5
 Temple: D:4-7        Swamp: Lair:2-3    Shoals: Lair:2-3     Snake: Lair:2-3
 Spider: Lair:2-3

Altars:
Cheibriados
Hepliaklqana
Makhleb
Nemelex Xobeh
Vehumet
Xom
Zin
The Shining One

Shops:
D:3 *   D:5 [   D:7 [

Annotations:
D:5 1 transporter, LeprechaunX's ghost, novice OpSh
D:6 1 transporter, GreenGuy14's ghost, novice DrMo
D:8 Joseph


Innate Abilities, Weirdness & Mutations

You are a tree.
Your roots penetrate the ground, keeping you stationary.
You cannot be teleported.
You are immune to unholy pain and torment.
Your maximum health is greatly increased.
You are immune to poison.
Your equipment is partially melded.
You passively map the area around you.
You are easily found by Zot.
You glow in the dark.
You regain HP and MP as you explore.


Message History

The scarf "Buvvaeva" {repulsion, rF+} melds into your body.
Your +0 helmet melds into your body.
Your +0 pair of boots melds into your body.
The +5 chain mail "Caguukh" {rC+} melds into your body.
The haze of the repulsion field disappears.
Your roots penetrate the ground.
You are engulfed in calcifying dust.
The cane toad stings you!
* * * LOW HITPOINT WARNING * * *
You are poisoned.
The cane toad poisons you! The cane toad stings you.
* * * LOW HITPOINT WARNING * * *
The catoblepas gores you but does no damage.
Your limbs are stiffening.
You hit the catoblepas but do no damage.
The catoblepas is lightly wounded.
You are engulfed in calcifying dust.
Your limbs have turned to stone.
You feel very sick.
The cane toad stings you but does no damage.
The catoblepas gores you but does no damage.
You have turned to stone.
You are engulfed in calcifying dust.
The cane toad stings you!
* * * LOW HITPOINT WARNING * * *
The catoblepas breathes a plume of calcifying dust at you.
The blast of calcifying dust hits you but does no damage.
The cane toad stings you!
* * * LOW HITPOINT WARNING * * *
You are engulfed in calcifying dust.
The catoblepas breathes a plume of calcifying dust at you.
The blast of calcifying dust hits you but does no damage.
The cane toad stings you but does no damage.
You are engulfed in calcifying dust.
The catoblepas gores you!!
* * * LOW HITPOINT WARNING * * *
The cane toad stings you!
* * * LOW HITPOINT WARNING * * *
The cane toad stings you.
* * * LOW HITPOINT WARNING * * *
The catoblepas breathes a plume of calcifying dust at you.
The blast of calcifying dust hits you but does no damage.
You are engulfed in calcifying dust.
The cane toad stings you!
You die...

* * #### *
, * *
###.P.###,
* , ,
.,.......
, , ,
,.........
,, , *
#..#...# *
* * * *
#..Y.# * *
* *#.F♣# *
#.....# ,
, **
###...# ,
* , *
#...# * ,
, * #..$#
* , * ,
,,* * *
..... *
,,,......
,, , , ,
**, ,
....##. ,*
, ,,, * **
,, *** ***
*


You could see a catoblepas (contam) and a cane toad.

Vanquished Creatures
  A skyshark (Lair:5)
  A lindwurm (Lair:5)
  A cyclops (D:7)
  5 elephants (Lair:5)
  A black mamba (Lair:5)
  A torpor snail (Lair:4)
  2 cane toads (Lair:5)
  2 komodo dragons (Lair:5)
  2 rime drakes
  Psyche (D:8)
  9 blink frogs
  Grinder (D:3)
  4 dream sheep (Lair:4)
  Sigmund (D:3)
  23 yaks
  3 basilisks
  Eustachio (D:4)
  9 water moccasins
  An orc warrior (D:6)
  8 ice beasts
  A sky beast (D:7)
  2 black bears
  3 ogres
  8 wolves
  A centaur (D:7)
  A phantom (D:7)
  2 kobold brigands (D:8)
  2 bullfrogs
  A scorpion (D:7)
  8 wights
  A howler monkey (D:7)
  3 jellies
  4 hounds
  2 orc priests
  A sleepcap (D:6)
  Jessica (D:2)
  6 iguanas
  Natasha (thrice) (D:2)
  4 orc wizards
  Robin (D:3)
  8 gnolls
  9 adders
  2 shadow imps
  3 ufetubi
  A worm (D:3)
  5 dart slugs
  17 orcs
  5 bats
  15 endoplasms
  4 giant cockroaches
  17 goblins
  7 hobgoblins
  14 kobolds
  2 quokkas
  6 ball pythons
  3 frilled lizards
  4 rats
254 creatures vanquished.

Notes
Turn   | Place    | Note
-------+----------+-------------------------------------------
     0 | D:1      | lunkers the Meteoran Shapeshifter began the quest for the
                  | Orb.
     0 | D:1      | Reached XP level 1. HP: 16/16 MP: 2/2
    72 | D:1      | Reached skill level 4 in Unarmed Combat
    72 | D:1      | Reached XP level 2. HP: 21/23 MP: 3/3
   198 | D:1      | Reached XP level 3. HP: 26/28 MP: 4/4
   373 | D:2      | Noticed Natasha
   379 | D:2      | Killed Natasha
   380 | D:2      | Reached skill level 5 in Unarmed Combat
   380 | D:2      | Reached XP level 4. HP: 32/35 MP: 5/5
   477 | D:2      | Identified the +0 robe "Astraila" {-Tele rElec rPois Will-}
   499 | D:2      | Noticed Natasha
   505 | D:2      | Killed Natasha
   506 | D:2      | Reached XP level 5. HP: 40/40 MP: 6/6
   512 | D:2      | Found a shimmering altar of Xom.
   554 | D:2      | Noticed Natasha
   563 | D:2      | Killed Natasha
   604 | D:2      | Noticed Jessica
   609 | D:2      | Killed Jessica
   610 | D:2      | Reached skill level 6 in Unarmed Combat
   616 | D:2      | Reached XP level 6. HP: 38/47 MP: 7/7
   752 | D:2      | Found a faded altar of an unknown god.
   966 | D:3      | Noticed Sigmund
   985 | D:3      | Killed Sigmund
   986 | D:3      | Reached skill level 7 in Unarmed Combat
   986 | D:3      | Reached skill level 5 in Shapeshifting
   986 | D:3      | Reached XP level 7. HP: 13/52 MP: 8/8
  1082 | D:3      | Noticed Robin
  1107 | D:3      | Killed Robin
  1121 | D:3      | Noticed Grinder
  1128 | D:3      | Paralysed by Grinder for 5 turns
  1149 | D:3      | Killed Grinder
  1150 | D:3      | Reached skill level 8 in Unarmed Combat
  1295 | D:3      | Found Zin's Purification Station.
  1300 | D:3      | Found a glowing silver altar of Zin.
  1348 | D:3      | Found a burning altar of Makhleb.
  1391 | D:4      | Reached XP level 8. HP: 59/59 MP: 9/9
  1746 | D:4      | Noticed Eustachio
  1764 | D:4      | Reached skill level 9 in Unarmed Combat
  1792 | D:4      | Killed Eustachio
  1924 | D:5      | Entered Level 5 of the Dungeon
  1939 | D:5      | Reached skill level 10 in Unarmed Combat
  2032 | D:5      | Identified 2 scrolls of acquirement
  2032 | D:5      | Acquired 306 gold pieces
  2065 | D:5      | Acquired the scarf "Buvvaeva" {repulsion, rF+}
  2125 | D:5      | Found a transporter.
  2128 | D:5      | Noticed LeprechaunX's ghost (novice OpSh)
  2156 | D:5      | Found Zach's Armour Shop.
  2177 | D:5      | Gained mutation: You passively map the area around you.
                  | [Meteoran growth]
  2177 | D:5      | Reached XP level 9. HP: 64/64 MP: 10/10
  2219 | D:5      | Got an illuminated book
  2306 | D:5      | Found a sparkling altar of Nemelex Xobeh.
  2447 | D:6      | Found a transporter.
  2448 | D:6      | Noticed GreenGuy14's ghost (novice DrMo)
  2448 | D:6      | Identified the +2 great mace of Eshan {heavy, Fly Str+3}
  2448 | D:6      | Noticed a two-headed ogre
  2542 | D:6      | Reached skill level 11 in Unarmed Combat
  2580 | D:6      | Found a radiant altar of Vehumet.
  2698 | D:7      | Found a shimmering altar of Xom.
  2710 | D:7      | Found a glowing golden altar of the Shining One.
  2710 | D:7      | Found a hazy altar of Hepliaklqana.
  2738 | D:7      | Found a snail-covered altar of Cheibriados.
  2784 | D:7      | Reached skill level 12 in Unarmed Combat
  2794 | D:7      | Noticed a cyclops
  2807 | D:7      | Killed a cyclops
  2808 | D:7      | Reached XP level 10. HP: 33/71 MP: 11/11
  2816 | D:7      | Identified the +5 chain mail "Caguukh" {rC+}
  2874 | D:7      | Found Ruulaffu's Antique Armour Boutique.
  2966 | D:7      | Reached skill level 13 in Unarmed Combat
  3248 | D:8      | Noticed Psyche
  3259 | D:8      | Killed Psyche
  3446 | D:8      | Noticed a rime drake
  3448 | D:8      | Noticed Joseph
  3451 | D:8      | Found a staircase to the Lair.
  3478 | D:8      | Killed a rime drake
  3517 | D:8      | Reached XP level 11. HP: 20/84 MP: 12/12
  3541 | Lair:1   | Entered Level 1 of the Lair of Beasts
  3566 | Lair:1   | Reached skill level 14 in Unarmed Combat
  3781 | Lair:3   | Reached skill level 5 in Dodging
  3789 | Lair:3   | Reached skill level 10 in Shapeshifting
  3835 | Lair:3   | Reached skill level 5 in Fighting
  3858 | Lair:3   | Reached skill level 15 in Unarmed Combat
  3966 | Lair:4   | Noticed a torpor snail
  3995 | Lair:4   | Killed a torpor snail
  4006 | Lair:5   | Entered Level 5 of the Lair of Beasts
  4016 | Lair:5   | Reached XP level 12. HP: 96/96 MP: 13/13
  4156 | Lair:5   | Noticed a skyshark
  4168 | Lair:5   | Killed a skyshark
  4184 | Lair:5   | Reached skill level 16 in Unarmed Combat
  4188 | Lair:5   | Noticed a lindwurm
  4208 | Lair:5   | Killed a lindwurm
  4317 | Lair:5   | Found a staircase to the Slime Pits.
  4391 | Lair:5   | Reached XP level 13. HP: 71/106 MP: 14/14
  4425 | Lair:5   | Noticed a six-headed hydra
  4430 | Lair:5   | Noticed a catoblepas
  4450 | Lair:4   | HP: 5/160 [cane toad (4)]
  4451 | Lair:4   | HP: 2/160 [cane toad (3)]
  4452 | Lair:4   | Slain by a cane toad

Illustrated notes

Levels and vault maps discovered:
D:1:      saegor_arrival_simple_b, layout_rooms, minmay_tetromino_s4
D:2:      layout_loops_ring, basic_altar, shapermc_ecumenical_altar_pompeii,
          mrwooster_statue_mirror, uniq_jessica, uniq_natasha
D:3:      layout_loops_cross, zin_purify, mainiacjoe_overflow_chevrons,
          lemuel_coloured_pillars_altar, uniq_robin, uniq_sigmund, uniq_grinder
D:4:      layout_rooms, serial_aquarium, aquarium_bridge_square
          [aquarium_subvault_wall, aquarium_subvault_bridge,
          aquarium_subvault_wall, aquarium_subvault_window], aquarium_window_3,
          aquarium_window_2, aquarium_view_2e, aquarium_pool_1, uniq_eustachio
D:5:      layout_cave_pools, kennysheep_mini, serial_shops,
          nicolae_shop_advertising_works [nicolae_subvault_shop_adworks],
          gammafunk_ghost_mausoleum, minmay_misc_feat_pillars
D:6:      layout_basic, mainiacjoe_overflow_small_starburst,
          minmay_temple_entry_purple_smoke, gammafunk_ghost_smash
D:7:      layout_basic, marbit_many_paths, gammafunk_temple_overflow_forgotten,
          serial_shops, shop, st_stairs_5
D:8:      layout_basic, lemuel_crystal_altar, lemuel_crystal_altar,
          hellmonk_lair_entry_icy, grunt_decor_junction, uniq_maurice,
          uniq_psyche, uniq_joseph
Lair:1:   layout_regular_city, chequers_serial_rivers_micro_d
Lair:2:   layout_roguey, chequers_serial_rivers_marsh,
          pdpol_lair_neglected_garden, nicolae_lair_lindhole
Lair:3:   layout_roguey, skrybe_swamp_entry_bodies, nicolae_snake_entry_squirm
Lair:4:   layout_small_grid, serial_bayou_shore_a
Lair:5:   hellmonk_lair_end_abyssal_woods, layout_regular_city,
          nicolae_slime_entry_slimehenge

Skill      XL: |  1  2  3  4  5  6  7  8  9 10 11 12 13 |
---------------+----------------------------------------+-----
Unarmed Combat | 4 5 6 7 8 10 12 13 15 16 | 16.9
Shapeshifting  | 4 5 6 7 8 9 10 11 | 11.7
Fighting       | 4 6 7 |  7.8
Dodging        | 4 6 7 8 |  8.0

Action                     |  1- 3 |  4- 6 |  7- 9 | 10-12 | 13-15 || total
---------------------------+-------+-------+-------+-------+-------++-------
  Melee: Unarmed           |    68 |    75 |   293 |   501 |    24 ||   961
         Punch             |     1 |     4 |    14 |       |       ||    19
    Use: Potion            |       |     1 |       |     2 |     1 ||     4
         Scroll            |       |       |    18 |     1 |       ||    19
 Armour: Animal skin       |    34 |    10 |       |       |       ||    44
         Ring mail         |       |    20 |   142 |       |       ||   162
         Skin              |       |     1 |       |       |    15 ||    16
         Chain mail        |       |       |       |   319 |    41 ||   360
  Dodge: Dodged            |    28 |    46 |   195 |   377 |    21 ||   667
         Repelled          |       |       |     4 |     2 |       ||     6
   Form: Flux              |       |       |     1 |       |       ||     1

Table legend: (Time is in decaauts)
 A = Elapsed time spent in this place.
 B = Non-inter-level travel time spent in this place.
 C = Inter-level travel time spent in this place.
 D = Time resting spent in this place.
 E = Time spent auto-exploring this place.
 F = Levels seen in this place.
 G = Mean time per level.
                   A        B        C        D        E       F      G
               +--------+--------+--------+--------+--------+-----+--------+
         Total |   4247 |   4201 |     46 |     41 |   2085 |  13 |  326.7 |
       Dungeon |   3430 |   3384 |     46 |     41 |   1943 |   8 |  428.8 |
          Lair |    817 |    817 |      0 |      0 |    142 |   5 |  163.4 |
               +--------+--------+--------+--------+--------+-----+--------+

Top non-repeatable levels by time:
     D:2: 599 daAuts
     D:7: 534 daAuts
     D:4: 522 daAuts
     D:3: 411 daAuts
     D:5: 401 daAuts
  Lair:5: 371 daAuts
     D:1: 353 daAuts
     D:6: 330 daAuts
     D:8: 277 daAuts
  Lair:1: 159 daAuts
  Lair:4: 129 daAuts
  Lair:3: 99 daAuts
  Lair:2: 56 daAuts
